Map: Bridgehead LE (Void)

Players

wabbajack

  • Race: Terran Terran
  • League: Grandmaster

ReMy - Winner!

  • Race: Zerg Zerg
  • League: Grandmaster

VOD

Have the link to the VOD?

Description

Time

  • Played on: July 15, 2015, 2:40 p.m.
  • Length: 16:15
Show
View Real Time Build Order
Export as new Build Order

wabbajack Terran 

Build Orders: Hellion Opening 

Get SALT Encoding   

  12  0:01  SCV  
  13  0:13  SCV  
  14  0:21  Supply Depot  
  14  0:25  SCV  
  15  0:29  Refinery  
  15  0:43  SCV  
  15  0:48  Barracks  
  16  0:55  SCV  
  17  1:07  SCV  
  18  1:19  SCV  
  19  1:31  SCV  
  20  1:33  Command Center  
  21  1:45  Supply Depot  
  20  1:50  Marine  
  20  1:54  Orbital Command  
  21  2:08  Factory  
  21  2:13  Barracks Reactor  
  21  2:25  SCV  
  21  2:27  Supply Depot  
  22  2:38  Factory  
  22  2:42  SCV  
  23  2:54  SCV  
  25  2:59  Orbital Command  
  25  3:04  Refinery  
  24  3:06  SCV, Hellion x2  
  24  3:08  Barracks Tech Lab  
  29  3:18  SCV  
  30  3:25  Armory  
  30  3:33  Hellion x2  
  34  3:34  SCV  
  34  3:36  SCV  
  36  3:42  Marine  
  37  3:49  Siege Tank  
  37  3:54  Hellion x2  
  44  4:00  Supply Depot, Marine  
  45  4:15  Starport  
  45  4:18  Barracks Reactor  
  45  4:24  Hellbat x2  
  42  4:50  Supply Depot  
  42  4:51  Supply Depot, Siege Tank  
  45  5:03  SCV  
  46  5:12  SCV, Hellion, Medivac, Marine x2  
  46  5:13  Hellion  
  55  5:15  SCV  
  56  5:24  SCV  
  56  5:27  SCV  
  58  5:32  Command Center  
  58  5:36  SCV  
  58  5:38  Supply Depot x2  
  58  5:39  SCV  
  58  5:41  Supply Depot  
  60  5:48  SCV  
  61  6:01  Barracks Reactor, Barracks  
  61  6:03  Siege Tank  
  64  6:05  Hellion x2  
  64  6:06  Medivac x2  
  64  6:11  SCV x2  
  74  6:12  Supply Depot x2  
  74  6:18  Refinery  
  74  6:20  Refinery  
  74  6:22  Engineering Bay  
  74  6:23  SCV x2  
  75  6:35  SCV x2  
  74  6:55  Missile Turret  
  74  6:56  Missile Turret  
  74  6:58  Missile Turret  
  74  7:00  Missile Turret  
  74  7:04  Missile Turret  
  74  7:06  SCV x2  
  76  7:13  Missile Turret  
  76  7:21  Barracks Tech Lab  
  76  7:24  Widow Mine x2  
  76  7:25  Marine x2  
  76  7:28  Siege Tank  
  85  7:47  Unknown  
  85  7:54  Fusion Core  
  85  7:56  SCV x2  
  87  8:00  Cyclone  
  87  8:01  Orbital Command  
  87  8:04  Terran Vehicle Armor Level 1  
  90  8:08  SCV x2  
  92  8:13  Marine  
  92  8:14  Marine x2  
  92  8:15  Combat Shields  
  92  8:18  Medivac  
  97  8:20  SCV, Hellion  
  97  8:21  Hellion  
  97  8:25  SCV  
  103  8:28  Terran Infantry Weapons Level 1  
  103  8:32  SCV  
  104  8:37  SCV  
  105  8:44  SCV  
  106  8:55  Orbital Command  
  106  8:56  Marine  
  106  8:57  Marine x2  
  106  8:59  Cyclone  
  106  9:02  Medivac x2  
  116  9:14  Marine  
  117  9:17  Refinery  
  117  9:20  Refinery  
  117  9:38  Supply Depot x2  
  117  9:39  Supply Depot  
  117  9:40  Supply Depot, Missile Turret  
  117  9:43  Missile Turret  
  117  9:46  Unknown  
  117  9:59  Medivac x2, Marine x3  
  124  10:00  Hellion x2, Siege Tank  
  110  10:17  Marine x2  
  104  10:21  Hellion x2  
  80  11:15  Siege Tank  
  80  11:17  Hellion x2  
  80  11:18  Marauder, Marine x2  
  85  11:25  Engineering Bay  
  85  11:28  SCV x2  
  87  11:40  SCV x2  
  89  11:49  Barracks x2  
  89  11:50  Barracks x2  
  89  11:52  Command Center, SCV  
  89  11:53  SCV  
  91  11:54  Barracks  
  91  11:55  Command Center  
  91  11:59  Barracks  
  89  12:15  Hellion x2  
  91  12:16  Medivac  
  91  12:17  Medivac  
  91  12:18  Siege Tank  
  91  12:19  Marine x2  
  91  12:20  Marauder  
  90  12:40  SCV  
  90  12:41  Marauder  
  93  12:50  Siege Tank  
  96  12:52  SCV  
  96  12:58  Barracks Tech Lab  
  97  13:00  Barracks Reactor  
  97  13:04  SCV  
  98  13:12  Barracks Reactor  
  98  13:14  Marine x2  
  98  13:15  Marauder  
  98  13:16  SCV, Stimpack  
  98  13:19  Medivac x2  
  107  13:22  Terran Infantry Weapons Level 2  
  107  13:23  Terran Infantry Armor Level 1  
  107  13:24  Terran Vehicle Armor Level 2  
  107  13:26  Hellion x2  
  111  13:29  SCV  
  111  13:32  Barracks Tech Lab, Marine x2  
  114  13:34  Barracks Reactor  
  114  13:37  Planetary Fortress, Marauder  
  116  13:42  Planetary Fortress  
  116  13:48  Hellion x2  
  120  13:50  Marine x2  
  122  13:58  SCV, Marauder  
  125  14:04  SCV  
  125  14:07  SCV  
  125  14:09  Hellion x2  
  131  14:10  SCV  
  131  14:11  Refinery  
  131  14:12  Refinery  
  131  14:16  SCV  
  133  14:19  SCV  
  133  14:22  SCV  
  135  14:28  SCV  
  136  14:31  SCV  
  136  14:37  Refinery x2  
  137  14:40  SCV  
  137  14:43  Starport  
  138  14:55  Siege Tank  
  138  14:56  Starport  
  138  14:58  Hellion x2  
  149  15:00  Marine x4, Marauder x2  
  149  15:01  Marine x2  
  155  15:15  Missile Turret x2  
  155  15:18  Marine x5  
  155  15:19  Hellion x2  
  168  15:21  Marauder x2  
  168  15:27  Siege Tank  
  171  15:45  Factory  
  171  15:49  Factory  
  169  15:56  Factory  
Show
View Real Time Build Order
Export as new Build Order

ReMy Zerg - Winner!

Build Orders: Hatch First, Lurkers, Zergling Baneling 

Get SALT Encoding   

  12  0:01  Drone  
  13  0:10  Drone  
  14  0:34  Hatchery  
  13  0:37  Drone  
  14  0:53  Spawning Pool  
  14  0:56  Extractor  
  12  0:59  Drone  
  13  1:07  Overlord  
  13  1:15  Drone  
  14  1:25  Drone x2  
  16  1:35  Drone  
  17  1:40  Queen  
  19  1:52  Queen  
  21  2:01  Metabolic Boost  
  21  2:09  Drone  
  21  2:11  Drone  
  23  2:16  Drone  
  24  2:35  Zergling x2  
  24  2:36  Zergling x6  
  28  2:43  Baneling Nest  
  27  2:45  Zergling x2  
  27  2:49  Overlord  
  28  3:00  Overlord  
  28  3:07  Zergling x2  
  28  3:08  Zergling x6  
  32  3:21  Zergling x8  
  36  3:37  Baneling  
  36  3:38  Baneling x7  
  36  3:44  Zergling x2  
  36  3:45  Zergling x4  
  36  3:46  Zergling x2  
  40  4:00  Zergling x2  
  40  4:01  Zergling x6  
  44  4:07  Overlord  
  39  4:36  Zergling x2  
  39  4:37  Zergling x16  
  35  4:55  Drone x2  
  35  4:56  Spine Crawler x2  
  35  5:04  Pneumatized Carapace  
  35  5:19  Zergling x8  
  39  5:25  Baneling x4  
  39  5:26  Baneling  
  39  5:28  Baneling  
  39  5:50  Hatchery  
  38  6:05  Drone x5  
  43  6:12  Burrow  
  43  6:20  Overlord  
  41  6:40  Zergling x2  
  41  6:41  Zergling x2  
  43  6:53  Drone x11  
  54  6:54  Baneling  
  54  7:03  Baneling x3  
  54  7:18  Drone x9  
  63  7:24  Extractor  
  63  7:26  Extractor  
  63  7:28  Queen  
  63  7:32  Extractor  
  62  7:42  Extractor  
  62  7:43  Extractor  
  60  7:51  Drone x6  
  60  7:53  Lair  
  60  7:55  Overlord x2  
  66  8:11  Overlord x2  
  66  8:12  Overlord  
  66  8:17  Drone x2  
  66  8:18  Drone  
  66  8:19  Drone  
  70  8:22  Drone  
  70  8:23  Drone x3  
  74  8:28  Baneling  
  74  8:29  Baneling x5  
  74  8:30  Baneling  
  74  8:34  Baneling  
  74  8:46  Drone x2  
  74  8:47  Evolution Chamber x2, Drone x2  
  76  8:50  Overlord  
  76  8:51  Overlord  
  76  8:55  Drone  
  77  8:57  Hydralisk Den  
  76  9:17  Zerg Missile Weapons Level 1, Zerg Ground Armor Level 1  
  76  9:23  Baneling x6  
  76  9:25  Hydralisk  
  76  9:26  Hydralisk x6  
  90  9:49  Baneling x8  
  90  9:52  Hydralisk x8  
  92  9:59  Overseer  
  106  10:00  Overseer  
  96  10:11  Hydralisk x5  
  96  10:12  Hydralisk  
  85  10:23  Zergling x14  
  77  10:31  Hydralisk x4  
  75  10:37  Zergling x2  
  75  10:38  Zergling x4  
  46  10:54  Zergling x2  
  46  10:55  Zergling x10  
  47  11:10  Drone  
  47  11:11  Drone x4  
  52  11:30  Drone x5  
  57  11:33  Hydralisk Den  
  57  11:35  Queen  
  58  11:40  Queen  
  58  11:45  Queen  
  62  11:59  Drone x4  
  62  12:00  Drone x4  
  68  12:13  Lurker Den  
  66  12:29  Drone  
  64  12:30  Drone x2  
  64  12:31  Drone  
  64  12:32  Drone x3  
  69  12:43  Drone  
  70  12:50  Hydralisk  
  70  12:51  Hydralisk x3  
  72  12:53  Hatchery  
  72  12:54  Hydralisk  
  80  13:20  Zergling x16  
  80  13:24  Drone x2  
  89  13:39  Lurker x6  
  89  13:40  Lurker x4  
  89  13:41  Hydralisk, Muscular Augments  
  99  13:42  Hydralisk x2  
  105  13:48  Drone  
  105  13:49  Zerg Ground Armor Level 2, Zerg Missile Weapons Level 2  
  106  13:55  Infestation Pit  
  106  14:02  Spine Crawler  
  104  14:09  Hydralisk x4  
  112  14:23  Overlord x4  
  112  14:30  Roach Warren  
  112  14:31  Drone  
  112  14:36  Overlord  
  112  14:37  Overlord x2  
  112  14:41  Queen  
  112  14:44  Drone x7  
  112  14:45  Drone  
  122  14:52  Lurker  
  123  14:53  Lurker x4  
  123  14:57  Lurker, Extractor  
  123  14:58  Lurker  
  128  15:00  Extractor  
  128  15:05  Drone  
  128  15:06  Drone x3  
  132  15:07  Drone x2  
  133  15:24  Spore Crawler  
  126  15:37  Roach  
  126  15:38  Roach x11  
  126  15:39  Roach  
Tags
 
Add a new tag
Caveats
  • Supply blocks, unpowered buildings, or Contaminate may cause inaccurate times.
  • Supply counts are checked every 10 seconds.